 Dungeon Crawl Stone Soup version 0.28-a0-1613-gdaab1c2f9b (webtiles) character file.

Game seed: 14466184890424365338

81 Pin the Skirmisher (level 4, -1/41 HPs)
             Began as a Hill Orc Fighter on Jan 22, 2022.
             Slain by hashsling's ghost (4 damage)
             ... on level 3 of the Dungeon.
             The game lasted 00:02:50 (1343 turns).

Pin the Skirmisher (Hill Orc Fighter)               Turns: 1343, Time: 00:02:51

Health: -1/41      AC:  7    Str: 26    XL:     4   Next: 40%
Magic:  4/4        EV:  9    Int:  8    God:
Gold:   97         SH:  4    Dex: 10    Spells: 3/3 levels left

rFire   . . .      SeeInvis .   a - +0 war axe
rCold   . . .      Faith    .   c - +0 buckler
rNeg    . . .      Spirit   .   b - +0 scale mail
rPois   .          Reflect  .   (no helmet)
rElec   .          Harm     .   (no cloak)
rCorr   .          Rampage  .   (no gloves)
Will    .....                   (no boots)
Stlth   ..........              (no amulet)
HPRegen 0.13/turn               k - +6 ring of strength
MPRegen 0.09/turn               (no ring)

@: no status effects
A: no striking features
a: no special abilities


You were on level 3 of the Dungeon.
You visited 1 branch of the dungeon, and saw 3 of its levels.

You collected 97 gold pieces.

Inventory:

Hand Weapons
 a - a +0 war axe (weapon)
Armour
 b - a +0 scale mail (worn)
 c - a +0 buckler (worn)
Jewellery
 k - a +6 ring of strength (left hand)
Scrolls
 g - a scroll of immolation {unknown}
 h - 3 scrolls of identify {unknown}
Potions
 d - a potion of might
 e - a potion of berserk rage {unknown}
 f - a potion of lignification {unknown}
 i - a potion of flight {unknown}
 j - a potion of cancellation {unknown}


   Skills:
 + Level 4.3 Fighting
 + Level 3.9 Axes
 + Level 3.9 Armour
 + Level 3.9 Shields


You had 3 spell levels left.
You didn't know any spells.
Your spell library contained the following spells:

 Spells                   Type           Power      Damage    Failure   Level
 Slow                     Hex            0%         N/A       77%         1
 Ensorcelled Hibernation  Hex/Ice        0%         N/A       88%         2
 Passwall                 Tmut/Erth      0%         N/A       88%         2
 Confusing Touch          Hex            0%         N/A       98%         3
 Spider Form              Tmut/Pois      0%         N/A       98%         3
 Swiftness                Air            0%         N/A       98%         3
 Vampiric Draining        Necr           0%         2d6       98%         3
 Anguish                  Hex/Necr       0%         N/A       100%        4


Dungeon Overview and Level Annotations

Branches:
Dungeon (3/15)

Altars:

Annotations:
D:3 hashsling's ghost, amateur HOFE


Message History

Press: ? - help, v - describe, . - travel, g - get item
Here: hashsling's ghost (fire blocked by a runed translucent door) Item here: a jewelled copper wand.
The floor.
Press: ? - help, v - describe, . - travel, g - get item
Here: hashsling's ghost (fire blocked by a runed translucent door) Item here: a jewelled copper wand.
The floor.
You open the large door. You closely miss hashsling's ghost.
Hashsling's ghost closely misses you.
You barely miss hashsling's ghost.
Hashsling's ghost wails, "Death is your only future!"
Hashsling's ghost hits you.
You closely miss hashsling's ghost.
Hashsling's ghost whispers, "The ORB doesn't exist."
Hashsling's ghost hits you but does no damage. x2
You barely miss hashsling's ghost. Hashsling's ghost hits you.
You slash hashsling's ghost!
Hashsling's ghost is moderately damaged.
Hashsling's ghost hits you.
You hit hashsling's ghost.
Hashsling's ghost is moderately damaged.
Hashsling's ghost says, "Don't worry, you'll be warm in a moment."
Hashsling's ghost hits you but does no damage.
Hashsling's ghost hits you!
You barely miss hashsling's ghost.
Hashsling's ghost is moderately damaged.
Hashsling's ghost hits you.
You barely miss hashsling's ghost.
Hashsling's ghost is moderately damaged.
Hashsling's ghost hits you. x2
* * * LOW HITPOINT WARNING * * *
You closely miss hashsling's ghost.
Hashsling's ghost is moderately damaged.
Hashsling's ghost hits you.
* * * LOW HITPOINT WARNING * * *
You slash hashsling's ghost!
Hashsling's ghost is severely damaged.
Hashsling's ghost hits you.
You die...

### #####.≈##
####..#.§#.#
.....#≈⌠≈.#
#...'.≈./.
#...W≈#≈.##
#<.@#.≈...#
#......#...###
###.##.#.##.#
#. #.### #.
#.# #. #.# ..
... ## ..#


You could see hashsling's ghost.

Vanquished Creatures
  3 adders (D:2)
  6 endoplasms
  3 giant cockroaches
  6 goblins
  4 hobgoblins
  4 kobolds (D:1)
  2 quokkas (D:1)
  8 ball pythons
  6 bats
  4 frilled lizards
  5 rats
51 creatures vanquished.

Notes
Turn   | Place    | Note
-------+----------+-------------------------------------------
     0 | D:1      | Pin the Hill Orc Fighter began the quest for the Orb.
     0 | D:1      | Reached XP level 1. HP: 19/19 MP: 1/1
    60 | D:1      | Reached XP level 2. HP: 16/27 MP: 2/2
   260 | D:1      | You fall into a shaft and drop 1 floor!
   316 | D:1      | Reached skill level 4 in Fighting
   381 | D:1      | Found a faded altar of an unknown god.
   395 | D:1      | Reached XP level 3. HP: 33/33 MP: 3/3
   924 | D:2      | Reached XP level 4. HP: 40/40 MP: 4/4
  1327 | D:3      | Noticed hashsling's ghost (amateur HOFE)
  1327 | D:3      | Found a large runed translucent door.
  1327 | D:3      | Found a large runed translucent door.
  1343 | D:3      | Slain by hashsling's ghost

Illustrated notes

Levels and vault maps discovered:
D:1:      minmay_arrival_split_and_join, layout_basic,
          ebering_ecumenical_altar_sacrificial,
          wander_ebering_terrifying_dragon_lair
D:2:      layout_rooms, minivault_4
D:3:      layout_loops_ring, ebering_ghost_disaster_area, uniq_natasha

Skill      XL: |  1  2 |
---------------+-------+-----
Axes           | 3 |  3.9
Fighting       | 4 |  4.3
Armour         | |  3.9
Shields        | |  3.9

Action                   |  1- 3 |  4- 6 || total
-------------------------+-------+-------++-------
Melee: War axe           |    90 |    41 ||   131
Armor: Scale mail        |    51 |    23 ||    74
Dodge: Dodged            |    57 |    25 ||    82
Block: Buckler           |    19 |    11 ||    30

Table legend: (Time is in decaauts)
 A = Elapsed time spent in this place.
 B = Non-inter-level travel time spent in this place.
 C = Inter-level travel time spent in this place.
 D = Time resting spent in this place.
 E = Time spent auto-exploring this place.
 F = Levels seen in this place.
 G = Mean time per level.
                   A        B        C        D        E       F      G
               +--------+--------+--------+--------+--------+-----+--------+
         Total |   1391 |   1364 |     27 |      0 |   1032 |   3 |  463.7 |
       Dungeon |   1391 |   1364 |     27 |      0 |   1032 |   3 |  463.7 |
               +--------+--------+--------+--------+--------+-----+--------+

Top non-repeatable levels by time:
     D:1: 837 daAuts
     D:2: 535 daAuts
     D:3: 19 daAuts
